 Dungeon Crawl Stone Soup version 0.31.0-12-g77e489cdc1 (webtiles) character file.

Game seed: 16110083522022867683

1235 Doomgape the Trooper (level 8, -8/47 HPs)
             Began as a Gargoyle Fighter on Feb 14, 2024.
             Mangled by Maggie
             ... wielding a +2 long sword of pain
              (12 damage)
             ... on level 6 of the Dungeon.
             The game lasted 00:12:53 (4386 turns).

Doomgape the Trooper (Gargoyle Fighter)             Turns: 4386, Time: 00:12:53

Health: -8/47      AC: 22    Str: 28    XL:     8   Next: 49%
Magic:  8/8        EV:  7    Int:  9    God:
Gold:   281        SH:  5    Dex: 15    Spells: 7/7 levels left

rFire   . . .        r - +2 hammer of the Crushed Ghosts {freeze, Dex+3}
rCold   . . .        c - +0 buckler
rNeg    + . .        f - +0 plate armour
rPois   ∞            (no helmet)
rElec   +            i - +1 cloak
rCorr   .            j - +0 pair of fencer's gloves {Riposte Dex+3}
SInv    +            (no boots)
Will    .....        n - amulet of Fueki {RegenMP rElec Str+6} Stlth
                     (no ring)
HPRegen 0.27/turn    (no ring)
MPRegen 0.51/turn

%: no passive effects
@: mesmerised
A: sickness immunity, AC +5, negative energy resistance 1, electricity
resistance, torment resistance 1, petrification resistance, hooves 1, see
invisible, frail 1
a: no special abilities


You were on level 6 of the Dungeon.
You visited 1 branch of the dungeon, and saw 6 of its levels.
You also visited: Ossuary.

You collected 281 gold pieces.

Inventory:

Hand Weapons
 r - the +2 hammer of the Crushed Ghosts (weapon) {freeze, Dex+3}
   (You found it on level 4 of the Dungeon)

   Dex+3:     It affects your dexterity (+3).
Missiles
 s - a throwing net (quivered)
Armour
 c - a +0 buckler (worn)
 f - a +0 plate armour (worn)
 i - a +1 cloak (worn)
 j - the +0 pair of fencer's gloves (worn) {Riposte Dex+3}
   (You acquired it in an ossuary)

   Riposte:   It allows the wearer to riposte with melee weapons, swiftly
   retaliating against missed or blocked melee attacks.
   Dex+3:     It affects your dexterity (+3).
Jewellery
 n - the amulet of Fueki (around neck) {RegenMP rElec Str+6}
   (You acquired it on level 5 of the Dungeon)

   [amulet of magic regeneration]

   RegenMP:   It increases your rate of magic regeneration.
   Str+6:     It affects your strength (+6).
   rElec:     It insulates you from electricity.
Wands
 a - a wand of flame (25)
 o - a wand of iceblast (7)
Scrolls
 b - a scroll of enchant weapon
 d - 2 scrolls of identify
 g - 3 scrolls of vulnerability
 h - 2 scrolls of revelation
 k - 2 scrolls of teleportation
 w - a scroll of amnesia
Potions
 e - 2 potions of attraction
 l - 3 potions of heal wounds
 m - 2 potions of curing
 p - a potion of resistance {unknown}
 q - a potion of cancellation {unknown}
 t - a potion of enlightenment {unknown}
 u - a potion of degeneration {unknown}
 v - 4 potions of haste {unknown}


   Skills:
 + Level 7.1 Fighting
 + Level 6.0 Maces & Flails
 + Level 7.1 Armour
 - Level 3.2 Shields


You had 7 spell levels left.
You didn't know any spells.
Your spell library contained the following spells:

 Spells                   Type           Power      Damage    Failure   Level
 Sting                    Conj/Alch      0%         1d3       99%         1
 Spellforged Servitor     Conj/Summ      0%         N/A       100%        7
 Polar Vortex             Ice            0%         N/A       100%        9


Dungeon Overview and Level Annotations

Branches:
Dungeon (6/15)            Ossuary (visited)
 Temple: D:4-7

Altars:
Dithmenos
Elyvilon
Hepliaklqana
Kikubaaqudgha
Ru
Vehumet
Zin
The Shining One

Annotations:
D:6 Maggie


Innate Abilities, Weirdness & Mutations

You are immune to sickness and miasma.
Your stone body is resilient. (AC +5)
You are immune to poison.
You resist negative energy. (rN+)
You are resistant to electric shocks. (rElec)
You are resistant to unholy torment.
You are immune to petrification.
You have large cloven feet.
You have supernaturally acute eyesight. (SInv)
You are frail. (-10% HP)


Message History

Maggie shouts!
Aiming: Iceblast
Press: ? - help, Shift-Dir - straight line, f/p - Maggie
Aim: Maggie, wielding a +2 long sword of pain and wearing +0 swamp dragon scales (lightly wounded)
The mass of ice explodes!
The iceblast engulfs Maggie!
Maggie is moderately wounded.
Unknown command.
Sorry, you're not good enough to have a special ability.
You block Maggie's attack.
You hit Maggie. You freeze Maggie.
Maggie is moderately wounded.
Maggie hits you with a +2 long sword of pain.
You hit Maggie. You freeze Maggie. You kick Maggie, but do no damage.
Maggie is heavily wounded.
Maggie hits you but does no damage.
You barely miss Maggie. Your kick misses Maggie.
Maggie is heavily wounded.
Maggie gestures at you while chanting. The bolt of fire hits you!!
You closely miss Maggie.
Maggie is heavily wounded.
Maggie hits you with a +2 long sword of pain.
You closely miss Maggie. Your kick misses Maggie.
Maggie is heavily wounded.
Maggie hits you but does no damage.
You hit Maggie. You freeze Maggie.
Maggie is heavily wounded.
Maggie mumbles some strange words.
Maggie attempts to bespell you!
You easily resist.
You hit Maggie. You freeze Maggie. Your kick misses Maggie.
Maggie is severely wounded.
Maggie casts a spell.
Maggie attempts to bespell you!
You are mesmerised by Maggie!
You hit Maggie but do no damage.
Maggie is severely wounded.
Maggie hits you with a +2 long sword of pain!
* * * LOW HITPOINT WARNING * * *
Maggie hits you with a +2 long sword of pain!
You die...

....######## ###
...........# ##.##
......####.####.#.##
.....## #.....###.#
###.## ######.#.##
#.# ##.## #.#
#####.#### #+#
#.......=# #
#.###@##.# # #.@.# #
8# #...### .# #...
.8# .... .## ###..
8# ##


You could see Maggie (mesmerising).

Vanquished Creatures
  A black bear (D:5)
  An ogre (D:5)
  A phantom (D:5)
  An elf zombie (Ossuary)
  2 bullfrogs (D:6)
  2 scorpions (Ossuary)
  Crazy Yiuf (D:4)
  A gnoll bouda (D:5)
  2 iguanas (D:5)
  4 sleepcaps
  5 scorpion zombies (Ossuary)
  2 orc wizards (D:5)
  3 mummies (Ossuary)
  An adder (D:5)
  11 gnolls
  A shadow imp (D:3)
  2 adder zombies (Ossuary)
  3 ribbon worms
  2 dart slugs
  18 orcs
  An endoplasm (D:4)
  3 giant cockroaches
  4 gnoll zombies (Ossuary)
  4 goblins
  6 hobgoblins
  A jackal (D:3)
  3 kobolds
  2 quokkas
  3 ball pythons
  3 bats
  2 frilled lizards
  3 jackal zombies (Ossuary)
  2 kobold zombies (Ossuary)
  7 rats
108 creatures vanquished.

Notes
Turn   | Place    | Note
-------+----------+-------------------------------------------
     0 | D:1      | Doomgape the Gargoyle Fighter began the quest for the Orb.
     0 | D:1      | Reached XP level 1. HP: 14/14 MP: 1/1
    87 | D:1      | Reached XP level 2. HP: 18/19 MP: 2/2
    90 | D:1      | You fall into a shaft and drop 1 floor!
   437 | D:2      | Found a faded altar of an unknown god.
   527 | D:2      | Reached XP level 3. HP: 24/24 MP: 3/3
   584 | D:2      | Identified the +2 robe of the Known World {rElec rC++}
   993 | D:3      | Reached XP level 4. HP: 29/29 MP: 4/4
  1222 | D:3      | Found a shadowy altar of Dithmenos.
  1386 | D:3      | Found an ancient bone altar of Kikubaaqudgha.
  1728 | D:4      | Gained mutation: You are frail. (-10% HP) [potion of
                  | mutation]
  1728 | D:4      | Gained mutation: You have supernaturally acute eyesight.
                  | (SInv) [potion of mutation]
  1728 | D:4      | Gained mutation: You have large cloven feet. [potion of
                  | mutation]
  1859 | D:4      | Found a white marble altar of Elyvilon.
  1859 | D:4      | Found a glowing silver altar of Zin.
  1859 | D:4      | Found a glowing golden altar of the Shining One.
  1917 | D:4      | Reached XP level 5. HP: 26/30 MP: 5/5
  2232 | D:4      | Identified the +2 hammer of the Crushed Ghosts {freeze,
                  | Dex+3}
  2234 | D:4      | Found a runed translucent door.
  2235 | D:4      | Noticed Crazy Yiuf
  2244 | D:4      | Killed Crazy Yiuf
  2542 | D:5      | Entered Level 5 of the Dungeon
  2700 | D:5      | Noticed an ogre
  2705 | D:5      | Killed an ogre
  2706 | D:5      | Reached skill level 5 in Fighting
  2706 | D:5      | Reached skill level 5 in Armour
  2706 | D:5      | Reached XP level 6. HP: 14/36 MP: 6/6
  2950 | D:5      | Noticed a black bear
  2961 | D:5      | Reached XP level 7. HP: 34/39 MP: 7/7
  3008 | D:5      | Found a sacrificial altar of Ru.
  3109 | D:5      | Found a sand-covered staircase.
  3115 | Ossuary  | Entered an ossuary
  3188 | Ossuary  | Reached skill level 5 in Maces & Flails
  3351 | Ossuary  | Reached XP level 8. HP: 25/46 MP: 8/8
  3482 | Ossuary  | Identified a scroll of acquirement
  3482 | Ossuary  | Acquired the +0 pair of fencer's gloves {Riposte Dex+3}
  3482 | Ossuary  | Found the +0 pair of fencer's gloves {Riposte Dex+3}
  3531 | D:5      | Acquired the amulet of Fueki {RegenMP rElec Str+6}
  3998 | D:5      | Found a hazy altar of Hepliaklqana.
  4095 | D:6      | Got the Opusculum on Luminous Snow
  4278 | D:6      | Found a radiant altar of Vehumet.
  4375 | D:6      | Noticed Maggie
  4386 | D:6      | Mangled by Maggie

Illustrated notes

Levels and vault maps discovered:
D:1:      dpeg_arrival_ratfight, layout_loops_corners
D:2:      layout_basic, basic_ecumenical_altar
D:3:      layout_basic, mainiacjoe_overflow_alcove_1, lemuel_tele_altar,
          kennysheep_generic_room_7
D:4:      layout_layer_cave, good_gods_mini_temple, uniq_crazy_yiuf_cottage
D:5:      corexii_shack_village, layout_loops_ring, lemuel_doored_altar,
          nicolae_hepliaklqana_hippocampus, nicolae_ossuary_entry_monument
D:6:      layout_loops_corners, nicolae_overflow_hidden_temple,
          minmay_temple_entry_offerings, uniq_maggie

Skill      XL: |  1  2  3  4  5  6  7  8 |
---------------+-------------------------+-----
Fighting       | 4 5 6 7 |  7.1
Armour         | 4 5 6 7 |  7.1
Maces & Flails | 3 4 5 6 |  6.0
Shields        | |  3.2

Action                     |  1- 3 |  4- 6 |  7- 9 || total
---------------------------+-------+-------+-------++-------
  Melee: Flail             |    80 |    89 |       ||   169
         Kick              |       |    28 |    50 ||    78
         Mace              |       |    51 |   182 ||   233
  Evoke: Wand              |       |     1 |     2 ||     3
    Use: Potion            |       |     3 |     1 ||     4
         Scroll            |       |     5 |     9 ||    14
 Armour: Scale mail        |    14 |       |       ||    14
         Plate armour      |    45 |   142 |   221 ||   408
  Dodge: Dodged            |    26 |    42 |    77 ||   145
  Block: Buckler           |    12 |    38 |    46 ||    96
Riposte: Mace              |       |       |     7 ||     7
